 Dungeon Crawl Stone Soup version 0.32-a0-422-g28b100f618 (webtiles) character file.

Game seed: 2097475795622058398

40 Bravepunisher the Changeling (level 3, 0/18 HPs)
             Began as a Spriggan Shapeshifter on Feb 21, 2024.
             Slain by an ufetubus (3 damage)
             ... on level 6 of the Dungeon.
             The game lasted 00:03:46 (1013 turns).

Bravepunisher the Changeling (SpSh)                 Turns: 1013, Time: 00:03:47

Health: 0/18       AC:  2    Str: 10    XL:     3   Next: 30%
Magic:  4/4        EV: 18    Int: 11    God:
Gold:   25         SH:  0    Dex: 16    Spells: 2/2 levels left

rFire   . .          .
                       - Unarmed
rCold   . . .        (no shield)
rNeg    . . .        a - +0 animal skin
rPois   .            (helmet currently unavailable)
rElec   .            (cloak currently unavailable)
rCorr   .            (gloves unavailable)
SInv    +            (boots unavailable)
Will    .....        g - amulet of the acrobat
Stlth   +            (no ring)
HPRegen 0.23/turn    (no ring)
MPRegen 0.09/turn

%: acrobat
@: beast-form, very quick
A: beast (slay +2), very small, no large weapons, unfitting armour, see
invisible, speed 3
a: Begin Untransformation


You were on level 6 of the Dungeon.
You were a hulking beast.
You visited 1 branch of the dungeon, and saw 7 of its levels.

You collected 25 gold pieces.

Inventory:

Armour
 a - a +0 animal skin (worn)
Jewellery
 g - an amulet of the acrobat (around neck)
Talismans
 c - a beast talisman (active)
 d - a flux talisman
Scrolls
 e - a scroll of fog {unknown}
 h - a scroll of identify {unknown}
Potions
 b - 2 potions of lignification
 f - a potion of brilliance {unknown}


   Skills:
 + Level 1.3 Fighting
 + Level 3.4 Dodging
 - Level 2.4 Unarmed Combat
 * Level 4.9 Shapeshifting


You had 2 spell levels left.
You didn't know any spells.
Your spell library was empty.

Dungeon Overview and Level Annotations

Branches:
Dungeon (7/15)
 Temple: D:4-7

Altars:
Cheibriados
Gozag
Kikubaaqudgha
Nemelex Xobeh
Sif Muna
Vehumet
Wu Jian
Xom
Yredelemnul
Zin

Shops:
D:4 !

Annotations:
D:2 Jessica


Innate Abilities, Weirdness & Mutations

You are a hulking beast.
Your limbs bulge with bestial killing power. (Slay +2)
You are very small and have problems with some larger weapons.
You are too small for most types of armour.
You have supernaturally acute eyesight. (SInv)
You cover ground extremely quickly. (Speed+++)


Message History

Found a stone staircase leading down.
Found 13 gold pieces.
You hear a distant slurping noise.
Found 17 gold pieces.
Found 17 gold pieces.
A white imp comes into view.
Found a stone staircase leading up. 2 bullfrogs come into view.
Found an escape hatch in the floor.
The bullfrog croaks.
The bullfrog hits you. The bullfrog completely misses you.
The bullfrog attacks as it pursues you! The bullfrog completely misses you.
There is a stone staircase leading up here.
The bullfrog hits you.
You climb upwards.
There is a stone staircase leading down here.
The bullfrog completely misses you. The bullfrog attacks as it pursues you!
The bullfrog completely misses you. The bullfrog barely misses you.
The bullfrog attacks as it pursues you! The bullfrog completely misses you.
An ufetubus comes into view.
The bullfrog attacks as it pursues you! The bullfrog hits you.
The ufetubus moves out of view.
An ufetubus comes into view.
The bullfrog attacks as it pursues you! The bullfrog completely misses you.
The ufetubus shouts! x2
You hit the ufetubus.
The ufetubus is moderately wounded.
The ufetubus slips past you! The ufetubus closely misses you. x2
The ufetubus hits you. The ufetubus misses you.
You miss the ufetubus. The ufetubus misses you. The ufetubus hits you.
The ufetubus closely misses you. The ufetubus barely misses you.
You miss the ufetubus. The ufetubus closely misses you.
The ufetubus barely misses you. The ufetubus hits you.
* * * LOW HITPOINT WARNING * * *
The ufetubus misses you.
The bullfrog releases a deep croak.
The ufetubus barely misses you. The ufetubus hits you.
You die...

... #.# # ...
#. #.# #. ##.
... #. ...
#.# #.. #.
#5# #.. #.
#h# #.####
#5# ...#.
######### #F#
##.#.
#.......###.#
#....
#........#
#.##..
#.##.#####
#.. #
#.######.#
#..
#........#
...###..
#.#.######
........


You could see a bullfrog and 2 ufetubi.

Vanquished Creatures
  An adder (D:4)
  3 dart slugs
  An orc (D:5)
  A ball python (D:2)
  2 endoplasms
  2 goblins
  A hobgoblin (D:1)
  A kobold (D:2)
  A bat (D:3)
  A rat (D:1)
14 creatures vanquished.

Notes
Turn   | Place    | Note
-------+----------+-------------------------------------------
     0 | D:1      | Bravepunisher the Spriggan Shapeshifter began the quest for
                  | the Orb.
     0 | D:1      | Reached XP level 1. HP: 9/9 MP: 2/2
   154 | D:1      | Reached skill level 1 in Fighting
   199 | D:1      | Reached XP level 2. HP: 7/14 MP: 3/3
   270 | D:2      | Noticed Jessica
   507 | D:4      | Noticed a bullfrog
   507 | D:4      | Found a glowing silver altar of Zin.
   551 | D:4      | Found a snail-covered altar of Cheibriados.
   593 | D:4      | Reached XP level 3. HP: 14/18 MP: 4/4
   613 | D:4      | Found Kearruat's Distillery.
   658 | D:5      | Entered Level 5 of the Dungeon
   719 | D:6      | Found an ancient bone altar of Kikubaaqudgha.
   724 | D:6      | Found an opulent altar of Gozag.
   727 | D:6      | Found a basalt altar of Yredelemnul.
   732 | D:6      | Found a radiant altar of Vehumet.
   740 | D:6      | Found a sparkling altar of Nemelex Xobeh.
   744 | D:6      | Found a shimmering blue altar of Sif Muna.
   749 | D:6      | Found a shimmering altar of Xom.
   845 | D:7      | Found an ornate altar of the Wu Jian Council.
   914 | D:7      | Noticed an ice beast
   983 | D:7      | Noticed a bullfrog
   983 | D:7      | Noticed a bullfrog
  1013 | D:6      | Slain by an ufetubus

Illustrated notes

Levels and vault maps discovered:
D:1:      dpeg_arrival_signposts, layout_basic
D:2:      cheibrodos_pilgrimage, layout_loops_ring, uniq_jessica
D:3:      layout_basic, okawaru_metal_pillars_1_2
D:4:      layout_basic, mainiacjoe_overflow_six_doors_small,
          overflow_temple_1_default, minmay_temple_entry_proselytizer,
          serial_shops, nicolae_shop_industrial_runoff
D:5:      layout_loops_ring
D:6:      layout_loops_ring, grunt_temple_overflow_octagram, uniq_menkaure
D:7:      lemuel_ice_statue, layout_rooms, mainiacjoe_overflow_24_doors,
          corner_web_ring, grunt_ministairs_12

Skill      XL: |  1 |
---------------+----+-----
Fighting       | 1 |  1.3
Dodging        | 3 |  3.4
Unarmed Combat | |  2.4
Shapeshifting  | |  4.9

Action                     || total
---------------------------++-------
  Melee: Unarmed           ||    41
 Armour: Animal skin       ||    25
  Dodge: Dodged            ||   126

Table legend: (Time is in decaauts)
 A = Elapsed time spent in this place.
 B = Non-inter-level travel time spent in this place.
 C = Inter-level travel time spent in this place.
 D = Time resting spent in this place.
 E = Time spent auto-exploring this place.
 F = Levels seen in this place.
 G = Mean time per level.
                   A        B        C        D        E       F      G
               +--------+--------+--------+--------+--------+-----+--------+
         Total |    663 |    663 |      0 |      0 |    188 |   7 |   94.7 |
       Dungeon |    663 |    663 |      0 |      0 |    188 |   7 |   94.7 |
               +--------+--------+--------+--------+--------+-----+--------+

Top non-repeatable levels by time:
     D:1: 143 daAuts
     D:2: 111 daAuts
     D:6: 104 daAuts
     D:7: 100 daAuts
     D:4: 95 daAuts
     D:3: 89 daAuts
     D:5: 18 daAuts
